 Dungeon Crawl Stone Soup version 0.29-a0-1043-g569b05d6ff (webtiles) character file.

Game seed: 8364965803360665526

802 voltaire321 the Sneak (level 7, 0/46 HPs)
             Began as an Octopode Venom Mage on Aug 16, 2022.
             Was an Initiate of Vehumet.
             Slain by a centaur (2 damage)
             ... on level 6 of the Dungeon.
             The game lasted 00:17:37 (6731 turns).

voltaire321 the Sneak (Octopode Venom Mage)         Turns: 6731, Time: 00:17:37

Health: 0/46       AC:  1    Str:  7    XL:     7   Next: 90%
Magic:  10/12      EV: 13    Int: 19    God:    Vehumet [......]
Gold:   173        SH:  4    Dex: 13    Spells: 8/13 levels left

rFire   . . .      SeeInvis .   f - +1 short sword (elec)
rCold   . . .      Faith    .   k - +0 buckler
rNeg    . . .      Spirit   .   (helmet restricted)
rPois   .          Reflect  .   (no amulet)
rElec   .          Harm     .   (no ring)
rCorr   .          Rampage  .   (no ring)
Will    .....                   (no ring)
Stlth   ++++......              (no ring)
HPRegen 0.15/turn               (no ring)
MPRegen 0.13/turn               (no ring)
                                (no ring)
                                (no ring)

@: no status effects
A: almost no armour, amphibious, 8 rings, camouflage 1, gelatinous body 1,
(nimble swimmer 1), tentacles
a: Renounce Religion


You were on level 6 of the Dungeon.
You worshipped Vehumet.
Vehumet was noncommittal.
You visited 2 branches of the dungeon, and saw 7 of its levels.

You collected 294 gold pieces.
You spent 121 gold pieces at shops.

Inventory:

Hand Weapons
 d - a +2 dagger of venom
 f - a +1 short sword of electrocution (weapon)
Missiles
 n - 2 throwing nets
Armour
 k - a +0 buckler (worn)
Jewellery
 i - an amulet of faith
Wands
 v - a wand of charming (1)
 w - a wand of quicksilver (12)
Scrolls
 b - a scroll of fear
 c - 3 scrolls of identify
 g - a scroll of teleportation
 j - a scroll of enchant weapon
 l - a scroll of enchant armour
 r - a scroll of summoning
 t - 2 scrolls of blinking
Potions
 a - a potion of magic
 e - 3 potions of curing
 h - a potion of might
 m - 4 potions of mutation
 o - 4 potions of ambrosia {unknown}
 p - 2 potions of lignification {unknown}
 q - a potion of haste {unknown}
 s - a potion of invisibility {unknown}
 u - 2 potions of cancellation {unknown}
 x - a potion of berserk rage {unknown}


   Skills:
 + Level 3.0 Fighting
 + Level 3.7 Dodging
 + Level 5.5 Stealth
 + Level 2.1 Shields
 + Level 3.5 Spellcasting
 + Level 3.4 Transmutations
 + Level 5.3 Poison Magic


You had 8 spell levels left.
You knew the following spells:

 Your Spells              Type           Power      Damage    Failure   Level
a - Sting                 Tmut/Pois      76%        1d6       3%          1
b - Olgreb's Toxic Radia  Pois           23%        N/A       22%         4

Your spell library contained the following spells:

 Spells                   Type           Power      Damage    Failure   Level
 Poisonous Vapours        Pois/Air       26%        N/A       10%         2
 Foxfire                  Conj/Fire      12%        2x1d4     19%         1
 Mephitic Cloud           Conj/Pois/Air  10%        N/A       28%         3
 Conjure Flame            Conj/Fire      3%         6-21      50%         3
 Inner Flame              Hex/Fire       3%         N/A       50%         3
 Flame Wave               Conj/Fire      3%         2d5       88%         4


Dungeon Overview and Level Annotations

Branches:
Dungeon (6/15)             Temple (1/1) D:6

Altars:
Ashenzari
Fedhas
Hepliaklqana
Sif Muna
Vehumet
Xom
Zin

Shops:
D:3 ?((*   D:5 *   D:6 (

Annotations:
D:5 2 runed translucent doors


Innate Abilities, Weirdness & Mutations

You cannot wear most types of armour.
You are amphibious.
You can wear up to eight rings at the same time.
Your skin changes colour to match your surroundings (Stealth+).
Your rubbery body absorbs attacks. (AC +1, EV +1)
((You are camouflaged when in or above water. (Stealth+)))
You have tentacles for arms and can constrict up to eight enemies at once.


Message History

The lemure shouts!
You hear a shout! x3
Things that are here:
a +0 giant club; an ogre corpse The lemure attacks as you move away!
You block the lemure's attack.
The centaur unwields a +0 shortbow.
The centaur hits you. The centaur kicks you.
You hit the centaur.
The centaur is moderately wounded.
The centaur barely misses you. The centaur closely misses you.
The centaur barely misses you.
The centaur kicks you but does no damage.
The lemure completely misses you.
You hit the centaur.
The centaur is moderately wounded.
The centaur closely misses you. The centaur barely misses you.
The lemure hits you! The centaur closely misses you. The centaur kicks you.
Casting: Sting (safe; 3% risk of failure)
Confirm with . or Enter, or press ? or * to list all spells.
Aiming: Sting (safe; 3% risk of failure)
Press: ? - help, Shift-Dir - straight line, f - centaur
Aim: a centaur (moderately wounded, 84% to hit)
The sting misses the centaur.
The centaur closely misses you. The centaur kicks you. The lemure hits you.
* * * LOW HITPOINT WARNING * * *
The centaur misses you. The centaur kicks you.
* * * LOW HITPOINT WARNING * * *
The centaur closely misses you. The centaur barely misses you.
You hit the centaur but do no damage.
The centaur is moderately wounded.
The centaur hits you.
* * * LOW HITPOINT WARNING * * *
The centaur barely misses you.
A lemure comes into view.
You block the lemure's attack.
You closely miss the centaur. You squeeze the centaur!
The centaur is severely wounded.
The centaur barely misses you. x2; The lemure hits you.
* * * LOW HITPOINT WARNING * * *
The centaur hits you.
You die...

.... #... #...
##...# #.....
#.#..# #
#?#..##
#.####.#.c@#
.........#5#
#...<.∩)>.).#
#.........#.#
#..####...#.#
#..####.#.#5#
.##$....#.#.#..
..........#.###
#######.###.#


You could see 2 lemures and a centaur.

Vanquished Creatures
  An orc warrior (D:4)
  2 ogres
  A phantom (D:5)
  A scorpion (D:5)
  A jelly (D:6)
  Jessica (D:2)
  Ijyb (D:5)
  An iguana (D:5)
  3 orc wizards
  3 gnolls (D:2)
  10 adders
  2 worms
  3 dart slugs
  20 orcs
  3 endoplasms
  3 giant cockroaches
  9 goblins
  9 hobgoblins
  4 kobolds
  A quokka (D:4)
  6 ball pythons
  4 bats
  4 frilled lizards
  7 rats
100 creatures vanquished.

Notes
Turn   | Place    | Note
-------+----------+-------------------------------------------
     0 | D:1      | voltaire321 the Octopode Venom Mage began the quest for the
                  | Orb.
     0 | D:1      | Reached XP level 1. HP: 11/11 MP: 3/3
   578 | D:1      | Reached XP level 2. HP: 17/17 MP: 1/5
  1562 | D:2      | Reached XP level 3. HP: 22/22 MP: 1/6
  1859 | D:2      | Reached skill level 1 in Fighting
  2012 | D:2      | Reached XP level 4. HP: 19/28 MP: 3/7
  2156 | D:2      | Noticed Jessica
  2180 | D:2      | Killed Jessica
  2340 | D:2      | Learned a level 4 spell: Olgreb's Toxic Radiance
  2395 | D:2      | Reached XP level 5. HP: 24/33 MP: 4/8
  2909 | D:3      | Found Etso's Weapon Shoppe.
  3034 | D:3      | Found Vitauheb's Weapon Shoppe.
  3078 | D:3      | Found a blossoming altar of Fedhas.
  3537 | D:3      | Found Usut's Magic Scroll Emporium.
  3545 | D:3      | Bought a scroll of teleportation for 39 gold pieces
  3646 | D:3      | Found a faded altar of an unknown god.
  4045 | D:3      | Found Xitwuot's General Store.
  4064 | D:3      | Bought a scroll of enchant weapon for 82 gold pieces
  4673 | D:4      | Found a glowing silver altar of Zin.
  4679 | D:4      | Reached XP level 6. HP: 39/39 MP: 7/10
  4995 | D:4      | Noticed an orc warrior
  5036 | D:4      | Killed an orc warrior
  5037 | D:4      | Reached skill level 1 in Shields
  5269 | D:4      | Found the +1 Delatra's gloves {ID++}
  5330 | D:5      | Entered Level 5 of the Dungeon
  5413 | D:5      | Reached skill level 5 in Stealth
  5413 | D:5      | Reached XP level 7. HP: 45/45 MP: 7/11
  5445 | D:5      | Found Wogyj's General Store.
  5454 | D:5      | Reached skill level 5 in Poison Magic
  5864 | D:5      | HP: 2/45 [ice beast (8)]
  6022 | D:5      | Found a hazy altar of Hepliaklqana.
  6108 | D:5      | Found a shimmering altar of Xom.
  6109 | D:5      | Found a shimmering altar of Xom.
  6111 | D:5      | Found a shimmering altar of Xom.
  6161 | D:5      | Found a large runed translucent door.
  6162 | D:5      | Found a large runed translucent door.
  6245 | D:5      | Noticed Ijyb
  6261 | D:5      | Killed Ijyb
  6487 | D:6      | Found a staircase to the Ecumenical Temple.
  6501 | Temple   | Entered the Ecumenical Temple
  6506 | Temple   | Became a worshipper of Vehumet
  6716 | D:6      | Found Loxuss's Antique Weapon Shop.
  6731 | D:6      | HP: 2/46 [lemure[Pikel] (2)]
  6731 | D:6      | Slain by a centaur

Illustrated notes

Levels and vault maps discovered:
D:1:      giann_horns, layout_basic, minivault_25
D:2:      layout_loops_ring, uniq_jessica
D:3:      layout_basic, amcnicky_altar_gilded, serial_shops, shop, shop,
          nicolae_shop_bloodbath_and_beyond, nicolae_shop_advertising_works
          [nicolae_subvault_shop_adworks], shapermc_ecumenical_altar_petra
D:4:      layout_cave_pools, kennysheep_mini, pf_guarded_unrand_delatra
D:5:      layout_loops_ring, mainiacjoe_overflow_alcove_2, xom_redecorated,
          jmf_multi_god_temple2, serial_shops, shop, uniq_ijyb
D:6:      layout_loops_ring, minmay_temple_entry_wispy, serial_shops,
          nicolae_stop_n_shop_2, uniq_pikel
Temple:   nicolae_temple_bog_church

Skill      XL: |  1  2  3  4  5  6  7 |
---------------+----------------------+-----
Stealth        | 3 4 5 |  5.5
Fighting       | 1 2 3 |  3.0
Poison Magic   | 4 5 |  5.3
Transmutations | 2 3 |  3.4
Dodging        | 3 |  3.7
Shields        | 1 2 |  2.1
Spellcasting   | 3 |  3.5

Action                   |  1- 3 |  4- 6 |  7- 9 || total
-------------------------+-------+-------+-------++-------
Melee: Unarmed           |     8 |       |       ||     8
       Constrict         |     8 |    16 |     7 ||    31
       Dagger            |    24 |    17 |       ||    41
       Tentacles         |     5 |    10 |     8 ||    23
       Short sword       |       |    39 |    42 ||    81
       Punch             |       |     1 |       ||     1
 Cast: Sting             |    28 |    81 |    21 ||   130
       Olgreb's Toxic Ra |       |     1 |       ||     1
  Use: Potion            |       |     1 |     1 ||     2
       Scroll            |       |    13 |     1 ||    14
 Stab: Sleeping          |     4 |     1 |     1 ||     6
Armor: Skin              |     1 |     2 |     1 ||     4
Dodge: Dodged            |    21 |    41 |    40 ||   102
Block: Buckler           |       |     3 |    10 ||    13

Table legend: (Time is in decaauts)
 A = Elapsed time spent in this place.
 B = Non-inter-level travel time spent in this place.
 C = Inter-level travel time spent in this place.
 D = Time resting spent in this place.
 E = Time spent auto-exploring this place.
 F = Levels seen in this place.
 G = Mean time per level.
                   A        B        C        D        E       F      G
               +--------+--------+--------+--------+--------+-----+--------+
         Total |   6740 |   6582 |    158 |   1660 |   3821 |   7 |  962.9 |
       Dungeon |   6729 |   6571 |    158 |   1660 |   3821 |   6 | 1121.5 |
        Temple |     10 |     10 |      0 |      0 |      0 |   1 |   10.0 |
               +--------+--------+--------+--------+--------+-----+--------+

Top non-repeatable levels by time:
     D:1: 1552 daAuts
     D:3: 1457 daAuts
     D:2: 1355 daAuts
     D:5: 1154 daAuts
     D:4: 967 daAuts
     D:6: 242 daAuts
  Temple: 10 daAuts
